cohdb
Replays
Latest Replays
All Replays
Popular Replays
Top Player Replays
Match Explorer
How It Works
Community
CoH3 Stats
Reddit
Sign in to upload your games and track your stats! →
Sign in with Steam
Match 20069986
Unlisted
Match 20069986
Overview
Messages
Build Orders
End
Vickers Machine Gun Team
Construct Section Command Post
Selects Indian Artillery Battlegroup
Dingo Light Scout Car
Infantry Section
Selects Valour
Infantry Section
Construct Platoon Command Post
Selects Towed ML 4.2-inch Heavy Mortar
Vickers Machine Gun Team
6-pounder Anti-tank Gun Team
Unlock M3 Stuart Light Tanks
Selects Off-map Airburst Barrage
Off-map Airburst Barrage
M3 Stuart Light Tank
M3 Stuart Light Tank
Construct Company Command Post
Selects Gurkha Rifles Section
Infantry Section
Selects Pillage
Foot Guards Section
Matilda II Heavy Tank
Selects BL5.5 Artillery Emplacement
Off-map Airburst Barrage
Crusader II Medium Tank
Matilda II Heavy Tank
Off-map Airburst Barrage
XoniX_Samurai
MonoChrome
Henkolicious
FTA_Viper
0
0
Comments
sign in to comment!
No comments posted yet!